 Dungeon Crawl Stone Soup version 0.30-a0-360-g447f08457e (webtiles) character file.

Game seed: 13640122884440354143

408731 porpoise the Warrior (level 23, 0/152 HPs)
             Began as a Gargoyle Fighter on Nov 12, 2022.
             Was a High Priest of Okawaru.
             Slain by a cyan very ugly thing (6 damage)
             ... on level 5 of the Vaults on Nov 13, 2022.
             The game lasted 04:46:18 (56460 turns).

porpoise the Warrior (Gargoyle Fighter)            Turns: 56460, Time: 04:46:19

Health: 0/152      AC: 42    Str: 26    XL:     23   Next: 46%
Magic:  31/33      EV: 22    Int: 14    God:    Okawaru [*****.]
Gold:   2239       SH:  0    Dex: 13    Spells: 27/35 levels left

rFire   + . .      SeeInvis +    a - +7 eveningstar "Rutri" {vorpal, rPois rC+ Will+}
rCold   + . .      Faith    .    (no shield)
rNeg    + . .      Spirit   .    l - +4 scale mail of the Ace of Pentacles {Will+ SInv Stlth+}
rPois   ∞          Reflect  .    V - +1 hat
rElec   +          Harm     .    v - +1 cloak {rF+}
rCorr   .          Rampage  .    x - +0 pair of gloves
Will    +++..                    E - +2 pair of boots "Zoomieg" {rElec}
Stlth   ++........               R - amulet "Woxzidgh" {Contam +Blink rElec Regen+ Int+4 SInv}
HPRegen 1.25/turn                N - +4 ring of evasion
MPRegen 0.23/turn                z - +4 ring of slaying

@: about to teleport, heroic, finesse-ful, flying, studying Stealth
A: sickness immunity, AC +17, big wings, negative energy resistance 1,
electricity resistance, torment resistance 1, petrification resistance
}: 2/15 runes: decaying, gossamer
a: Renounce Religion, Evoke Blink, Heroism, Finesse, Duel


You were on level 5 of the Vaults.
You worshipped Okawaru.
Okawaru was extremely pleased with you.
You visited 9 branches of the dungeon, and saw 41 of its levels.
You visited 2 bazaars.
You also visited: Ice Cave and Volcano.

You collected 5229 gold pieces.
You spent 2990 gold pieces at shops.

Inventory:

Hand Weapons
 a - the +7 eveningstar "Rutri" (weapon) {vorpal, rPois rC+ Will+}
   (You acquired it on level 12 of the Dungeon)

   It inflicts extra damage upon your enemies.
   rC:        It protects you from cold.
   rPois:     It protects you from poison.
   Will:      It increases your willpower.
 b - a +3 hand crossbow of flaming
 w - a +1 antimagic morningstar
Missiles
 c - 6 atropa-tipped darts
 C - 11 curare-tipped darts (quivered)
Armour
 l - the +4 scale mail of the Ace of Pentacles (worn) {Will+ SInv Stlth+}
   (Okawaru gifted it to you on level 15 of the Dungeon)

   SInv:      It lets you see invisible.
   Will:      It increases your willpower.
   Stlth:     It makes you more stealthy.
 v - a +1 cloak of fire resistance (worn)
 x - a +0 pair of gloves (worn)
 E - the +2 pair of boots "Zoomieg" (worn) {rElec}
   (Okawaru gifted it to you on level 4 of the Swamp)

   rElec:     It insulates you from electricity.
 V - a +1 hat (worn)
Jewellery
 z - a +4 ring of slaying (right hand)
 N - a +4 ring of evasion (left hand)
 R - the amulet "Woxzidgh" (around neck) {Contam +Blink rElec Regen+ Int+4 SInv}
   (You took it off a vault warden on level 4 of the Vaults)

   [amulet of regeneration]

   Int:       It affects your intelligence (+4).
   rElec:     It insulates you from electricity.
   SInv:      It lets you see invisible.
   +Blink:    It lets you blink.
   Contam:    It causes magical contamination when unequipped.
   Regen:     It increases your rate of health regeneration.
Wands
 e - a wand of flame (124)
 n - a wand of acid (19)
 A - a wand of digging (3)
 I - a wand of iceblast (20)
 S - a wand of mindburst (26)
 Z - a wand of polymorph (10)
Scrolls
 d - 3 scrolls of blinking
 q - 6 scrolls of fog
 u - 7 scrolls of teleportation
 D - 9 scrolls of magic mapping
 K - 5 scrolls of vulnerability
Potions
 f - a potion of invisibility
 i - 5 potions of cancellation
 k - 24 potions of curing
 o - 17 potions of ambrosia
 p - 10 potions of heal wounds
 r - a potion of berserk rage
 M - 3 potions of attraction
 O - 6 potions of resistance
 T - 10 potions of haste
 W - 7 potions of might
 X - 6 potions of lignification
Miscellaneous
 m - a lightning rod (4/4)
 U - a tin of tremorstones (inert)


   Skills:
 - Level 18.0(23.0) Fighting
 - Level 16.0(21.0) Maces & Flails
 + Level 12.9(17.9) Ranged Weapons
 - Level 6.0(11.0) Throwing
 + Level 14.9(19.9) Armour
 - Level 12.0(17.0) Dodging
 - Level 15.0(20.0) Shields
 + Level 6.7 Spellcasting
 - Level 7.0 Translocations
 - Level 14.0 Invocations
 - Level 12.0 Evocations


You had 27 spell levels left.
You knew the following spells:

 Your Spells              Type           Power      Damage    Failure   Level
a - Manifold Assault      Tloc           24%        N/A       13%         4
k - Blink                 Tloc           48%        N/A       1%          2
w - Wereblood             Tmut           4%         N/A       34%         2

Your spell library contained the following spells:

 Spells                   Type           Power      Damage    Failure   Level
 Beastly Appendage        Tmut           8%         N/A       24%         1
 Foxfire                  Conj/Fire      16%        2x1d4     24%         1
 Magic Dart               Conj           16%        1d3       24%         1
 Ensorcelled Hibernation  Hex/Ice        8%         N/A       34%         2
 Passwall                 Tmut/Erth      3%         N/A       34%         2
 Poisonous Vapours        Pois/Air       8%         N/A       34%         2
 Iskenderun's Mystic Bla  Conj/Tloc      14%        2d5       50%         4
 Dazzling Flash           Conj/Hex       8%         N/A       56%         3
 Frozen Ramparts          Ice            8%         1d2       56%         3
 Inner Flame              Hex/Fire       4%         N/A       56%         3
 Mephitic Cloud           Conj/Pois/Air  4%         N/A       56%         3
 Ozocubu's Armour         Ice            4%         N/A       56%         3
 Spider Form              Tmut/Pois      4%         N/A       56%         3
 Stone Arrow              Conj/Erth      8%         3d7       56%         3
 Swiftness                Air            4%         N/A       56%         3
 Dispersal                Tloc           12%        N/A       90%         6
 Airstrike                Air            2%         2d(1-17)  93%         4
 Anguish                  Hex/Necr       2%         N/A       93%         4
 Cause Fear               Hex            2%         N/A       93%         4
 Ice Form                 Ice/Tmut       4%         N/A       93%         4
 Agony                    Necr           4%         N/A       100%        5
 Fireball                 Conj/Fire      2%         3d4       100%        5
 Freezing Cloud           Conj/Ice/Air   2%         6-21      100%        5
 Irradiate                Conj/Tmut      2%         3d12      100%        5
 Lightning Bolt           Conj/Air       2%         1d13      100%        5
 Metabolic Englaciation   Hex/Ice        2%         N/A       100%        5
 Silence                  Hex/Air        2%         N/A       100%        5
 Starburst                Conj/Fire      2%         6d3       100%        6
 Orb of Destruction       Conj           2%         9d5       100%        7
 Storm Form               Tmut/Air       2%         N/A       100%        7
 Discord                  Hex            2%         N/A       100%        8
 Disjunction              Tloc           12%        N/A       100%        8
 Lehudib's Crystal Spear  Conj/Erth      2%         10d2      100%        8
 Summon Small Mammal      Summ           Unusable   N/A       N/A         1
 Call Imp                 Summ           Unusable   N/A       N/A         2
 Cigotuvi's Dreadful Rot  Necr/Pois/Air  Unusable   N/A       N/A         2
 Call Canine Familiar     Summ           Unusable   N/A       N/A         3
 Summon Guardian Golem    Hex/Summ       Unusable   N/A       N/A         3
 Animate Armour           Summ/Erth      Unusable   N/A       N/A         4
 Summon Ice Beast         Ice/Summ       Unusable   N/A       N/A         4
 Summon Lightning Spire   Summ/Air       Unusable   N/A       N/A         4
 Simulacrum               Ice/Necr       Unusable   N/A       N/A         6
 Spellforged Servitor     Conj/Summ      Unusable   N/A       N/A         7

Dungeon Overview and Level Annotations

Branches:
Dungeon (15/15)            Temple (1/1) D:5            Lair (5/5) D:10
  Swamp (4/4) Lair:3       Spider (4/4) Lair:3        Slime (0/5) Lair:4
    Orc (2/2) D:9             Elf (3/3) Orc:2        Vaults (5/5) D:14
  Crypt (0/3) Vaults:2     Depths (2/4) D:15          IceCv (visited)
Volcano (visited)

Altars:
Ashenzari
Cheibriados
Dithmenos
Elyvilon
Fedhas
Gozag
Hepliaklqana
Kikubaaqudgha
Makhleb
Nemelex Xobeh
Okawaru
Qazlal
Ru
Sif Muna
Trog
Uskayaw
Vehumet
Wu Jian
Xom
Yredelemnul
Zin
The Shining One

Shops:
D:6 :   D:9 (   D:14 [(:   Orc:1 *   Orc:2 *(**   Elf:1 (   Vaults:3 !
Depths:1 ?   Depths:2 !((

Portals:
Hell: Depths:1 Depths:2
Pandemonium: Depths:1
Ziggurat: Depths:1

Annotations:
D:6 exclusion: upstairs
Spider:4 2 transporters, p00ps00p's ghost, adept HOFi


Innate Abilities, Weirdness & Mutations

You are immune to sickness and miasma.
Your stone body is resilient. (AC +17)
You are immune to poison.
Your large and strong wings let you fly.
You resist negative energy. (rN+)
You are resistant to electric shocks. (rElec)
You are resistant to unholy torment.
You are immune to petrification.


Message History

The deep troll claws you but does no damage. x2
The deep troll bites you.
The deep troll claws you but does no damage.
The deep troll completely misses you.
An orc warrior comes into view. It is wielding a +0 broad axe.
The deep elf demonologist gestures wildly while chanting.
You completely miss the deep troll.
The deep troll is severely wounded.
The orc warrior shouts!
Unknown command.
You completely miss the deep troll.
The deep troll is severely wounded.
You flicker back into view.
The cyan very ugly thing tail-slaps you but does no damage.
The orc knight roars a battlecry!
The orcs go into a battle-frenzy!
The deep troll bites you!
* * * LOW HITPOINT WARNING * * *
The deep troll closely misses you. The deep troll completely misses you.
The deep troll bites you.
* * * LOW HITPOINT WARNING * * *
The deep troll misses you.
The deep troll claws you but does no damage.
As you read the scroll of teleportation, it crumbles to dust.
You feel strangely unstable.
A sphinx comes into view.
The cyan very ugly thing tail-slaps you but does no damage.
The deep troll bites you!
* * * LOW HITPOINT WARNING * * *
The deep troll claws you but does no damage. x2
The deep elf annihilator mumbles some strange words.
The deep elf annihilator blinks!
The deep troll bites you but does no damage.
The deep troll closely misses you.
The deep troll claws you but does no damage.
The cyan very ugly thing attacks as you move away!
The cyan very ugly thing tail-slaps you!
* * * LOW HITPOINT WARNING * * *
The cyan very ugly thing shocks you. You resist.
You die...

#####################
.......†.[.TuCp.T....
.........).@T4Teo....
#############poOo.H..
..p.......o......
.Cu....§..#....#.
..#.#..#..#..$.#
##....#....# ##p..#
...# ##..# ...# ..#


You could see a cyan very ugly thing, a sphinx, a stone giant, an orc knight, a
deep elf annihilator, 2 hell knights, 3 deep trolls, a hellwing (summoned), a
troll, 2 orc warriors, an ogre and an orc (strong).

Vanquished Creatures
  A golden dragon (Vaults:5)
  Jorgrun (D:15)
  Rupert (Arena)
  Asterion (Elf:2)
  2 titans (Vaults:5)
  3 deep elf blademasters
  3 deep elf master archers (Elf:3)
  A shadow dragon (Vaults:4)
  2 fenstrider witches
  The ghost of liarliar the Devastator, an adept DrCj of Gozag (Swamp:2)
  A frost giant (Depths:2)
  2 fire giants
  7 emperor scorpions
  12 vault wardens
  An iron dragon (Vaults:4)
  7 ghost moths
  Aizul (Spider:1)
  4 deep elf sorcerers (Elf:3)
  3 deep elf elementalists (Elf:3)
  3 ghouls (Swamp:3)
  16 ironbound preservers
  3 ironbound thunderhulks
  2 stone giants
  5 very ugly things
  A broodmother (Spider:2)
  Nessos (Lair:3)
  3 war gargoyles
  4 eleionomae
  4 deep elf demonologists (Elf:3)
  4 dire elephants (Vaults:1)
  8 deep elf annihilators
  5 spark wasps
  Azrael (Elf:2)
  5 ettins
  9 deep elf death magi
  3 fire dragons
  Josephine (D:12)
  8 entropy weavers
  3 great orbs of eyes
  A spriggan zombie (Depths:2)
  16 yaktaur captains
  4 deep elf high priests (Elf:3)
  3 peacekeepers
  10 hydras
  3 vault guards
  Erolcha (D:9)
  2 rakshasas (Depths:1)
  2 ogre magi
  4 ghost crabs
  2 death knights (Vaults:2)
  6 ice dragons
  2 catoblepae
  8 centaur warriors
  A jorogumo (Spider:4)
  2 radroaches
  6 boulder beetles
  30 dancing weapons
  8 ironbound frosthearts
  8 two-headed ogres
  7 death yaks
  A tengu warrior (D:13)
  7 alligators
  3 deep troll shamans
  7 orc high priests
  2 deep troll earth magi
  2 spriggan berserkers (Depths:1)
  4 hell knights (Depths:2)
  13 deep elf knights
  A death drake (Swamp:4)
  7 goliath frogs
  3 pharaoh ants
  A flayed ghost (Vaults:2)
  9 steelbarb worms
  An iron troll (Depths:1)
  4 bog bodies
  11 deep elf archers
  7 orb spiders
  A spriggan druid (Swamp:3)
  42 deep trolls
  A spriggan simulacrum (IceCv)
  6 orc knights (Orc:2)
  10 wizards
  2 swamp dragons
  6 harpies (Vaults:2)
  4 necromancers
  A human zombie (Vaults:4)
  18 wolf spiders
  13 ironbound convokers
  17 lindwurms
  5 will-o-the-wisps
  A mana viper (shapeshifter) (Vaults:5)
  32 deep elf zephyrmancers
  A tengu skeleton (Vaults:4)
  21 deep elf pyromancers
  A wolf spider (shapeshifter) (Vaults:4)
  2 orc sorcerers
  3 manticores
  27 ugly things
  15 elephants
  3 cyclopes
  2 moths of wrath
  6 black mambas
  18 vault sentinels
  Maurice (D:10)
  6 torpor snails (Spider:4)
  2 ice statues (Spider:4)
  A frost giant skeleton (Depths:2)
  A gargoyle (D:11)
  Joseph (D:7)
  A smoke demon (Volcano)
  19 cane toads
  2 unseen horrors
  4 freezing wraiths (Swamp:4)
  30 yaktaurs
  An efreet (D:14)
  A tengu conjurer (Depths:1)
  An unseen horror (shapeshifter) (Vaults:2)
  2 human skeletons (Vaults:4)
  4 demonic crawlers
  11 komodo dragons
  6 meliai
  5 trolls
  Grinder (D:3)
  A bloated husk (Swamp:4)
  14 hornets
  A polar bear (Lair:5)
  A queen bee (Lair:3)
  11 tyrant leeches
  2 saltlings (Elf:2)
  A sphinx simulacrum (Depths:2)
  A raiju (shapeshifter) (D:10)
  16 tarantellas
  23 blink frogs
  4 air elementals
  26 jumping spiders
  21 slime creatures
  A centaur simulacrum (D:14)
  21 culicivoras
  Sigmund (D:2)
  6 wyverns
  A vampire (D:14)
  A ynoxinul (Depths:1)
  13 spriggans
  A shadow (D:10)
  57 yaks
  5 water elementals
  5 wraiths
  6 basilisks
  4 fire elementals (Elf:2)
  36 redbacks
  18 vampire mosquitoes
  5 swamp worm simulacra (Swamp:4)
  14 swamp worms
  14 two-headed ogre zombies (D:9)
  A steam dragon (Volcano)
  A glowing shapeshifter zombie (Vaults:4)
  A warg (Orc:1)
  11 hell hounds
  15 hydra simulacra (Swamp:4)
  2 glowing shapeshifter skeletons (Vaults:4)
  15 water moccasins
  2 ice beasts
  5 black bears
  8 ogres
  36 orc warriors
  3 boggarts (Vaults:1)
  6 wolves (Lair:2)
  7 centaurs
  6 kobold brigands
  18 bullfrogs
  6 earth elementals
  A necrophage (Swamp:3)
  5 gnoll sergeants
  3 scorpions
  A deep troll simulacrum (IceCv)
  6 wights
  26 killer bees
  5 howler monkeys
  6 electric eels
  A jelly (D:7)
  3 gnoll boudas
  7 hounds
  32 orc priests
  Terence (D:2)
  3 iguanas
  21 orc wizards
  Natasha (thrice) (D:3)
  An ogre zombie (D:9)
  A mummy (D:3)
  Robin (D:3)
  6 adders
  18 gnolls
  2 white imps
  An ufetubus (D:4)
  3 swamp drake simulacra (Swamp:4)
  2 worms
  2 dart slugs
  79 orcs
  5 ball pythons
  6 endoplasms
  2 giant cockroaches
  10 goblins
  10 hobgoblins
  5 jackals
  28 kobolds
  2 quokkas (D:1)
  4 bats
  A frilled lizard (D:2)
  A rat (D:2)
  A briar patch (Swamp:4)
1499 creatures vanquished.

Vanquished Creatures (collateral kills)
  A gnoll (D:5)
  3 orcs (D:5)
4 creatures vanquished.

Vanquished Creatures (others)
  2 thorn hunters (Swamp:4)
  An eleionoma (Swamp:4)
  4 deep elf knights (Elf:1)
  A spriggan (Swamp:2)
  A spriggan druid (Swamp:2)
  A deep elf archer (Elf:1)
  A deep elf zephyrmancer (Elf:1)
  A hornet (Swamp:2)
  3 bloated husks
  A culicivora (Spider:4)
  A redback (Spider:2)
  An orc wizard (D:6)
  7 briar patches (Swamp:4)
  23 foxfires
  72 fungi
  153 plants
273 creatures vanquished.

Grand Total: 1776 creatures vanquished

Notes
Turn   | Place    | Note
-------+----------+-------------------------------------------
     0 | D:1      | porpoise the Gargoyle Fighter began the quest for the Orb.
     0 | D:1      | Reached XP level 1. HP: 14/14 MP: 1/1
   489 | D:2      | Reached XP level 2. HP: 19/19 MP: 2/2
   524 | D:2      | Noticed Terence
   532 | D:2      | Killed Terence
   533 | D:2      | Reached XP level 3. HP: 24/24 MP: 3/3
   558 | D:2      | Noticed Sigmund
   573 | D:2      | Killed Sigmund
   574 | D:2      | Reached skill level 4 in Fighting
   574 | D:2      | Reached XP level 4. HP: 30/30 MP: 4/4
   574 | D:2      | Reached XP level 5. HP: 34/34 MP: 5/5
   962 | D:2      | Found an ornate altar of the Wu Jian Council.
  1049 | D:3      | Noticed Natasha
  1049 | D:3      | Found an ornate altar of the Wu Jian Council.
  1049 | D:3      | Found a bloodstained altar of Trog.
  1068 | D:3      | Killed Natasha
  1069 | D:3      | Reached XP level 6. HP: 9/39 MP: 6/6
  1370 | D:3      | Noticed Robin
  1382 | D:3      | Killed Robin
  1455 | D:3      | Found a snail-covered altar of Cheibriados.
  1768 | D:3      | Noticed Grinder
  1781 | D:3      | Paralysed by Grinder for 2 turns
  1797 | D:3      | Killed Grinder
  1798 | D:3      | Reached skill level 5 in Fighting
  1798 | D:3      | Reached skill level 5 in Maces & Flails
  1798 | D:3      | Reached skill level 5 in Shields
  1798 | D:3      | Reached XP level 7. HP: 40/44 MP: 7/7
  2044 | D:3      | Noticed Natasha
  2060 | D:3      | Killed Natasha
  2718 | D:3      | Noticed Natasha
  2724 | D:3      | Killed Natasha
  2816 | D:4      | Reached skill level 6 in Fighting
  2887 | D:4      | Found Diushoyx's Jewellery Shop.
  2957 | D:4      | Reached XP level 8. HP: 51/51 MP: 8/8
  3571 | D:5      | Entered Level 5 of the Dungeon
  4269 | D:5      | Reached skill level 7 in Fighting
  4535 | D:5      | Reached XP level 9. HP: 55/57 MP: 9/9
  4559 | D:5      | Found a staircase to the Ecumenical Temple.
  5251 | D:6      | Reached skill level 5 in Armour
  5544 | Temple   | Entered the Ecumenical Temple
  5599 | Temple   | Became a worshipper of Warmaster Okawaru
  5887 | D:6      | Found a shadowy altar of Dithmenos.
  5887 | D:6      | Found a blossoming altar of Fedhas.
  6000 | D:6      | Found Ajejeph's Book Boutique.
  6314 | D:7      | Noticed Joseph
  6328 | D:7      | Killed Joseph
  6328 | D:7      | Reached * piety under Okawaru
  6700 | D:7      | Found the +18 shield of the Gong {rElec rN+ Will+ EV-5}
  6960 | D:8      | You fall into a shaft and drop 2 floors!
  6960 | D:10     | Entered Level 10 of the Dungeon
  7039 | D:9      | Noticed a troll
  7051 | D:9      | Reached XP level 10. HP: 33/63 MP: 10/10
  7072 | D:9      | Reached ** piety under Okawaru
  7073 | D:9      | Reached skill level 10 in Maces & Flails
  7485 | D:9      | Found Ditir's Weapon Shoppe.
  7486 | D:9      | Found a staircase to the Orcish Mines.
  7536 | D:8      | Reached *** piety under Okawaru
  8250 | D:8      | Reached skill level 8 in Fighting
  8745 | D:9      | Reached skill level 1 in Dodging
  8948 | D:9      | Found a glowing golden altar of the Shining One.
  9314 | D:9      | Reached XP level 11. HP: 69/69 MP: 11/11
  9333 | D:9      | Reached **** piety under Okawaru
  9334 | D:9      | Reached skill level 9 in Fighting
  9450 | D:9      | Noticed Erolcha
  9508 | D:9      | Killed Erolcha
 10052 | D:10     | Found a staircase to the Lair.
 10101 | D:10     | Reached ***** piety under Okawaru
 10196 | D:10     | Reached skill level 10 in Fighting
 10378 | D:10     | Found a white marble altar of Elyvilon.
 10574 | D:10     | Noticed Maurice
 10582 | D:10     | Killed Maurice
 10886 | D:10     | Reached skill level 5 in Dodging
 10897 | D:10     | Reached skill level 1 in Invocations
 11155 | Lair:1   | Entered Level 1 of the Lair of Beasts
 11183 | Lair:1   | Reached XP level 12. HP: 79/79 MP: 13/13
 11214 | Lair:1   | Identified the +0 plate armour "Xuidatets" {Int-5 Slay+2
                  | SInv} (Okawaru gifted it to you on level 1 of the Lair of
                  | Beasts)
 11214 | Lair:1   | Received a gift from Okawaru
 11435 | Lair:1   | Reached ****** piety under Okawaru
 11693 | Lair:1   | Reached skill level 11 in Fighting
 12554 | Lair:2   | Noticed a four-headed hydra
 12567 | Lair:2   | Killed a four-headed hydra
 12884 | Lair:2   | Reached skill level 5 in Invocations
 13372 | Lair:3   | Received a gift from Okawaru
 13377 | Lair:3   | Reached skill level 12 in Fighting
 13681 | Lair:3   | Found a hole to the Spider Nest.
 13741 | Lair:3   | Noticed a six-headed hydra
 13765 | Lair:3   | Killed a six-headed hydra
 13855 | Lair:3   | Noticed a boulder beetle
 13873 | Lair:3   | Killed a boulder beetle
 14034 | Lair:3   | Reached XP level 13. HP: 86/86 MP: 18/18
 14049 | Lair:3   | Found a staircase to the Swamp.
 14080 | Lair:3   | Noticed Nessos
 14101 | Lair:3   | Killed Nessos
 14102 | Lair:3   | Reached skill level 1 in Evocations
 14225 | Lair:3   | Received a gift from Okawaru
 15363 | Lair:4   | Reached skill level 5 in Evocations
 15420 | Lair:4   | Identified the +2 robe of the Buccaneer {Fly rF+ Str+3}
 15439 | Lair:4   | Reached skill level 1 in Throwing
 15470 | Lair:4   | Found a staircase to the Slime Pits.
 15546 | Lair:4   | Reached skill level 15 in Maces & Flails
 15657 | Lair:4   | Identified the +0 pair of gloves of Hubris {Harm rF- Str-4
                  | Dex+8} (Okawaru gifted it to you on level 4 of the Lair of
                  | Beasts)
 15657 | Lair:4   | Received a gift from Okawaru
 16330 | Lair:5   | Entered Level 5 of the Lair of Beasts
 16543 | Lair:5   | Gained mutation: Your large and strong wings let you fly.
                  | [Gargoyle growth]
 16543 | Lair:5   | Reached XP level 14. HP: 77/92 MP: 19/19
 16668 | Lair:5   | Reached skill level 5 in Throwing
 17220 | Lair:5   | Identified the +0 scale mail "Zoveket" {*Slow rF+ Str+4
                  | Dex+3} (Okawaru gifted it to you on level 5 of the Lair of
                  | Beasts)
 17220 | Lair:5   | Received a gift from Okawaru
 18071 | D:11     | Reached skill level 10 in Shields
 18902 | D:12     | Noticed Josephine
 18910 | D:12     | Killed Josephine
 18918 | D:12     | Reached skill level 13 in Fighting
 19512 | D:12     | Identified a scroll of acquirement
 19512 | D:12     | Acquired the +7 eveningstar "Rutri" {vorpal, rPois rC+
                  | Will+}
 19933 | D:13     | Identified the +4 chain mail of the Sky {rF+ Dex+7 Slay-6}
                  | (Okawaru gifted it to you on level 13 of the Dungeon)
 19933 | D:13     | Received a gift from Okawaru
 19934 | D:13     | Reached XP level 15. HP: 69/99 MP: 20/20
 20800 | D:14     | Found Etuev's Antique Weapon Emporium.
 20802 | D:14     | Found Yrogroix's Antique Armour Shoppe.
 20811 | D:14     | Bought a glowing cloak for 255 gold pieces
 20811 | D:14     | Bought a faintly humming helmet for 323 gold pieces
 20811 | D:14     | Identified the +1 helmet of the Bulwark {Harm Will- rCorr
                  | Stlth+} (You bought it in a shop on level 14 of the
                  | Dungeon)
 21099 | D:14     | Found Gaerih's Book Shoppe.
 21166 | D:14     | Found a hide-covered altar of Uskayaw.
 21351 | D:14     | Found a gate to the Vaults.
 21434 | D:15     | Entered Level 15 of the Dungeon
 21434 | D:15     | Found a gateway to a bazaar.
 21443 | Bazaar   | Entered a bazaar
 21443 | Bazaar   | Found Enaur's Weapon Shop.
 21443 | Bazaar   | Found Dumm's Distillery.
 21443 | Bazaar   | Found Poggegru's Book Shoppe.
 21445 | Bazaar   | Found Oliett's Book Shoppe.
 21445 | Bazaar   | Found Erchocw's Distillery.
 21480 | Bazaar   | Bought 2 throwing nets for 108 gold pieces
 21483 | Bazaar   | Bought a potion of berserk rage for 40 gold pieces
 21483 | Bazaar   | Bought a potion of attraction for 24 gold pieces
 21483 | Bazaar   | Bought a potion of attraction for 24 gold pieces
 21483 | Bazaar   | Bought a potion of curing for 24 gold pieces
 21483 | Bazaar   | Bought a potion of curing for 24 gold pieces
 21483 | Bazaar   | Bought a potion of curing for 24 gold pieces
 21486 | Bazaar   | Bought a potion of cancellation for 144 gold pieces
 21486 | Bazaar   | Bought a potion of heal wounds for 90 gold pieces
 21486 | Bazaar   | Bought a potion of heal wounds for 90 gold pieces
 21486 | Bazaar   | Bought a potion of resistance for 180 gold pieces
 21486 | Bazaar   | Bought a potion of curing for 54 gold pieces
 21486 | Bazaar   | Bought 2 potions of mutation for 288 gold pieces
 21486 | Bazaar   | Bought a potion of curing for 54 gold pieces
 21486 | Bazaar   | Bought a potion of haste for 180 gold pieces
 21670 | D:15     | Noticed Jorgrun
 21682 | D:15     | Killed Jorgrun
 21739 | D:15     | Reached skill level 14 in Fighting
 22276 | D:15     | Identified the +4 scale mail of the Ace of Pentacles {Will+
                  | SInv Stlth+} (Okawaru gifted it to you on level 15 of the
                  | Dungeon)
 22276 | D:15     | Received a gift from Okawaru
 22342 | D:15     | Found a staircase to the Depths.
 23027 | Swamp:1  | Entered Level 1 of the Swamp
 23558 | Swamp:1  | Reached XP level 16. HP: 53/106 MP: 22/22
 24190 | Swamp:2  | Reached skill level 10 in Armour
 24431 | Swamp:2  | Noticed a fenstrider witch
 24469 | Swamp:2  | Found a large runed translucent door.
 24469 | Swamp:2  | Found a large runed translucent door.
 24470 | Swamp:2  | Noticed liarliar's ghost (adept DrCj)
 24543 | Swamp:2  | Received a gift from Okawaru
 24719 | Swamp:2  | Killed a fenstrider witch
 24720 | Swamp:2  | Reached skill level 10 in Invocations
 24782 | Swamp:2  | Killed liarliar's ghost
 24795 | Swamp:2  | Identified the amulet of Rootuxza {Acrobat Str+4}
 25266 | Swamp:3  | Received a gift from Okawaru
 25868 | Swamp:4  | Entered Level 4 of the Swamp
 26095 | Swamp:4  | Noticed a thorn hunter
 26096 | Swamp:4  | Noticed a thorn hunter
 26102 | Swamp:4  | Killed a thorn hunter
 26106 | Swamp:4  | Killed a thorn hunter
 26557 | Swamp:4  | Identified the +2 pair of boots "Zoomieg" {rElec} (Okawaru
                  | gifted it to you on level 4 of the Swamp)
 26557 | Swamp:4  | Received a gift from Okawaru
 26740 | Swamp:4  | Noticed a fenstrider witch
 26760 | Swamp:4  | Killed a fenstrider witch
 26908 | Swamp:4  | Got a decaying rune of Zot
 27229 | Spider:1 | Entered Level 1 of the Spider Nest
 27683 | Spider:1 | Reached XP level 17. HP: 112/112 MP: 26/26
 28123 | Spider:1 | Reached skill level 15 in Fighting
 28123 | Spider:1 | Reached XP level 18. HP: 119/119 MP: 27/27
 28124 | Spider:1 | Reached XP level 19. HP: 124/124 MP: 28/28
 28430 | Spider:1 | Noticed Aizul
 28451 | Spider:1 | Killed Aizul
 28547 | Spider:1 | Reached skill level 5 in Ranged Weapons
 28635 | Spider:1 | Learned a level 2 spell: Blink
 28718 | Spider:2 | Received a gift from Okawaru
 28719 | Spider:2 | Reached skill level 1 in Spellcasting
 28724 | Spider:2 | Reached skill level 1 in Translocations
 28929 | Spider:2 | Found the dreamshard necklace {*Dream Drain}
 29076 | Spider:2 | Identified the +2 ring mail of the Tired Invaders {-Cast
                  | Regen+ Str+3 Slay+4}
 29712 | Spider:3 | Identified the +5 mace "Xibefit" {holy, Fragile rN+ Int+3
                  | Dex+3}
 30276 | Spider:3 | Received a gift from Okawaru
 30880 | Spider:4 | Entered Level 4 of the Spider Nest
 31045 | Spider:4 | Found a frozen archway.
 31202 | IceCv    | Entered an ice cave
 31769 | Spider:4 | Reached skill level 5 in Translocations
 31775 | Spider:4 | Reached skill level 5 in Spellcasting
 31860 | Spider:4 | Identified the +0 cloak of Hopscotch {Rampage *Slow rPois
                  | SInv} (Okawaru gifted it to you on level 4 of the Spider
                  | Nest)
 31860 | Spider:4 | Received a gift from Okawaru
 32327 | Spider:4 | Reached XP level 20. HP: 129/129 MP: 29/29
 32432 | Spider:4 | Got a gossamer rune of Zot
 32779 | Spider:4 | Noticed p00ps00p's ghost (adept HOFi)
 32802 | Spider:4 | Found a transporter.
 32808 | Spider:4 | Found a transporter.
 33250 | Orc:1    | Entered Level 1 of the Orcish Mines
 33250 | Orc:1    | Found Lufoc's Gadget Gallery.
 33664 | Orc:1    | Found a dark tunnel.
 33674 | Volcano  | Entered a volcano
 34176 | Orc:2    | Entered Level 2 of the Orcish Mines
 34547 | Orc:2    | Noticed Rupert
 34553 | Arena    | Entered the Arena
 34561 | Arena    | Killed Rupert
 35085 | Orc:2    | Found a staircase to the Elven Halls.
 35783 | Orc:2    | Learned a level 2 spell: Wereblood
 35788 | Orc:2    | Learned a level 4 spell: Manifold Assault
 35804 | Orc:2    | Found Jobev's Assorted Antiques.
 35804 | Orc:2    | Found Gasuymad's Assorted Antiques.
 35805 | Orc:2    | Found Lipen's Weapon Shoppe.
 35805 | Orc:2    | Found Gaamp's General Store.
 35816 | Orc:2    | Bought a twisted tourmaline ring for 145 gold pieces
 35816 | Orc:2    | Bought a potion of heal wounds for 145 gold pieces
 35816 | Orc:2    | Bought a potion of haste for 290 gold pieces
 36196 | Vaults:1 | Entered Level 1 of the Vaults
 36820 | Vaults:1 | Reached skill level 16 in Fighting
 37328 | Vaults:1 | Identified the +2 hat of the Stag {rC+++ Will- Dex-2 SInv}
                  | (Okawaru gifted it to you on level 1 of the Vaults)
 37328 | Vaults:1 | Received a gift from Okawaru
 39418 | Vaults:2 | Reached XP level 21. HP: 138/138 MP: 31/31
 39433 | Vaults:2 | Reached skill level 17 in Fighting
 39609 | Vaults:2 | Received a gift from Okawaru
 40130 | Vaults:2 | Reached skill level 15 in Shields
 40750 | Vaults:2 | Found a staircase to the Crypt.
 41217 | Vaults:3 | Upgraded the game from 0.30-a0-359-gd0147acb1a to
                  | 0.30-a0-360-g447f08457e
 41244 | Vaults:3 | Received a gift from Okawaru
 41969 | Vaults:3 | Identified the +2 ring mail of Moral Flaws {rPois MP-9
                  | Str+9 Int-3}
 43047 | Vaults:3 | Found Imnetzeg's Distillery.
 43489 | Vaults:4 | Received a gift from Okawaru
 43511 | Vaults:4 | Reached skill level 18 in Fighting
 43699 | Vaults:4 | Received a gift from Okawaru
 44245 | Vaults:4 | Identified the amulet "Woxzidgh" {Contam +Blink rElec
                  | Regen+ Int+4 SInv}
 44825 | Vaults:4 | Received a gift from Okawaru
 44825 | Vaults:4 | Found the +7 sceptre of Torment {pain, torment}
 45014 | Vaults:4 | Reached skill level 10 in Ranged Weapons
 46167 | Elf:1    | Entered Level 1 of the Elven Halls
 46830 | Elf:1    | Reached XP level 22. HP: 127/147 MP: 10/32
 47052 | Elf:1    | Found a radiant altar of Vehumet.
 47059 | Elf:1    | Paralysed by an air elemental for 1 turns
 47065 | Elf:1    | Paralysed by an air elemental for 1 turns
 47131 | Elf:1    | Reached skill level 10 in Dodging
 47699 | Elf:1    | Acquired the +4 kite shield of the Original Sin {Int+3
                  | Dex+3}
 47878 | Elf:1    | Found Adiegeit's Weapon Shoppe.
 48189 | Elf:1    | Got the Monograph on Attacks
 48567 | Elf:2    | Identified the +7 plate armour of the Skies Above {Slay+4}
                  | (Okawaru gifted it to you on level 2 of the Elven Halls)
 48567 | Elf:2    | Received a gift from Okawaru
 48637 | Elf:2    | Noticed Asterion
 48663 | Elf:2    | Killed Asterion
 48664 | Elf:2    | Reached skill level 10 in Evocations
 49113 | Elf:2    | Found a crumbling gateway.
 49155 | Elf:2    | Found a runed translucent gate.
 49451 | Elf:2    | Found a runed translucent gate.
 49453 | Elf:2    | Found a runed translucent gate.
 49824 | Elf:2    | Noticed Azrael
 49835 | Elf:2    | Killed Azrael
 50304 | Elf:3    | Entered Level 3 of the Elven Halls
 50319 | Elf:3    | Paralysed by an air elemental for 1 turns
 50708 | Elf:3    | Received a gift from Okawaru
 51070 | Elf:3    | Identified the amulet of Rigitta {Spirit Rampage +Blink
                  | Str-3 Slay+4}
 51151 | Elf:3    | Identified the ring "Gyx Voh" {rElec SInv}
 52106 | Elf:3    | Identified the amulet "Kahum" {Faith Int+2}
 52121 | Elf:3    | Reached XP level 23. HP: 83/152 MP: 11/33
 52334 | Elf:3    | Identified the ring of Generosity {+Blink rElec rPois rF+}
 52379 | Elf:3    | Received a gift from Okawaru
 53180 | Elf:3    | Identified the +1 trident of Courage {flame, Int+4}
 53776 | Depths:1 | Entered Level 1 of the Depths
 53776 | Depths:1 | Found a one-way gateway to a ziggurat.
 54057 | Depths:1 | Found a gateway to Hell.
 54625 | Depths:1 | Found a one-way gate leading to the halls of Pandemonium.
 55114 | Depths:1 | Found Eriehamu's Magic Scroll Emporium.
 55601 | Depths:2 | Found Etebaig's Antique Weapon Boutique.
 55608 | Depths:2 | Found Qemoc's Distillery.
 55629 | Depths:2 | Received a gift from Okawaru
 55636 | Depths:2 | Bought a potion of invisibility for 160 gold pieces
 55641 | Depths:2 | Found Duxydwu's Antique Weapon Emporium.
 55654 | Depths:2 | Found a flickering gateway to a bazaar.
 55664 | Bazaar   | Entered a bazaar
 55749 | Bazaar   | Found Guehah's Antique Armour Shop.
 55775 | Bazaar   | Found Zenn's Book Shop.
 55803 | Bazaar   | Bought a blackened ring mail for 162 gold pieces
 55803 | Bazaar   | Identified the +0 ring mail of Lozuegumm {*Corrode rN+
                  | Regen+} (You bought it in a shop in a bazaar)
 55803 | Bazaar   | Bought a buzzing scale mail for 162 gold pieces
 55803 | Bazaar   | Identified the +0 scale mail of Wasocsio {Rampage Dex+3}
                  | (You bought it in a shop in a bazaar)
 56371 | Vaults:5 | Entered Level 5 of the Vaults
 56381 | Vaults:5 | Noticed a golden dragon
 56403 | Vaults:5 | Killed a golden dragon
 56454 | Vaults:5 | Identified the ring "Sioxkiph" {rN+++ Str+6 Int-3 Dex+5
                  | Stlth+}
 56460 | Vaults:5 | HP: 6/152 [cyan very ugly thing (14)]
 56460 | Vaults:5 | Slain by a cyan very ugly thing

Illustrated notes

Levels and vault maps discovered:
D:1:      amcnicky_arrival_underground_garden, layout_basic,
          hangedman_abyss_or_decor_stabs
D:2:      layout_rooms, basic_altar, uniq_terence, uniq_sigmund
D:3:      cheibrodos_thug_alley, layout_basic, grunt_temple_overflow_open,
          slow_altar_1, uniq_natasha, uniq_robin, uniq_grinder
D:4:      minmay_diamond_boxcup, layout_cave_pods, serial_shops,
          nicolae_shop_trees
D:5:      layout_cave_pools, minmay_temple_entry_from_below_b,
          serial_gnoll_camp, gnoll_camp_mini_hut, gnoll_camp_mini_basic,
          gnoll_camp_mini_house, gnoll_camp_huts_basic, grunt_ministairs_2
D:6:      layout_loops_corners, gammafunk_temple_overflow_wave, serial_shops,
          kennysheep_mini, st_stairs_12
D:7:      layout_loops_ring, uniq_joseph
D:8:      layout_cave_pods
D:9:      lemuel_ogre_cave, layout_irregular_city, tso_oasis_becter,
          orc_david_3, serial_bayou_pond_c
D:10:     layout_basic, elyvilon_altar_1, due_lair_maze_entry_diamond,
          minmay_misc_feat_roman, uniq_maurice
D:11:     layout_irregular_city, chequers_serial_rivers_small_a
D:12:     layout_roguey, amcnicky_mini_corridor_feature, uniq_josephine
D:13:     layout_basic, hex_large, dreamdust_princess_bridge
D:14:     layout_roguey, david_vaults_1, serial_shops, nicolae_shop_stone, shop,
          shop, nicolae_uskayaw_murder_on_the_dancefloor
D:15:     grunt_enter_depths_hoard, layout_gridville, serial_shops,
          bzr_entry_customers, fountainhead, minmay_misc_feat_plants,
          uniq_jorgrun
Temple:   eino_wide_crystal_templ
Lair:1:   layout_cave_pods
Lair:2:   layout_regular_city, infiniplex_staircase_pool, serial_bayou_shore_a
Lair:3:   layout_loops_ring, minmay_swamp_entry_eels,
          hellmonk_spider_entry_life_and_decay, uniq_nessos
Lair:4:   layout_roguey, slime_entry_1, chequers_serial_rivers_room_a
Lair:5:   minmay_lair_end_frog_pond, layout_misc_corridors,
          columned_hall_lemuel, lemuel_fruit_fields
Swamp:1:  layout_basic_swamp, evilmike_swamp_ruin_rubble_1,
          infiniplex_staircase_pool_2
Swamp:2:  layout_falls_marsh, ebering_ghost_disaster_area,
          nicolae_swamp_dense_foliage, swamp_pool1, cheibrodos_swamp_witchery
Swamp:3:  layout_falls_marsh, nicolae_swamp_very_dense_foliage
Swamp:4:  swamp_icy, layout_basic_swamp
Spider:1: layout_spider_delve, special_room [special_room_bee],
          nicolae_spider_eight_legs, hangedman_spider_tarantella_strand,
          uniq_aizul
Spider:2: layout_spider_delve
Spider:3: layout_spider_delve
Spider:4: grunt_spider_rune_island, gammafunk_ghost_mausoleum,
          portal_ice_cave_entry_ice_statue_two
Orc:1:    layout_caves, nicolae_volcano_entry_s_turn, nicolae_shop_gadgets
Orc:2:    st_orc_pillars, layout_diamond_mine, uniq_rupert
Elf:1:    eino_elf_arrival_altar, layout_gridlike, serial_shops, shop,
          minmay_elf_annihilation
Elf:2:    elven_hall_of_blades_hangedman_original [nicolae_blade_tridents],
          layout_onion_city, portal_desolation_entry_nicolae_nacl, uniq_azrael,
          uniq_asterion
Elf:3:    minmay_elf_hall_statues, layout_gridlike
Vaults:1: v_pattern_5, ontoclasm_vaults_eye, v_misc_4,
          ontoclasm_vaults_ring_small, layout_vaults_chaotic_city
Vaults:2: blue_anna_dwarven_crypt, v_pattern_3, vaults_dpeg_spiral,
          st_octagons_1, ontoclasm_vaults_ring_large,
          nicolae_vaults_ring_of_whatevers, ontoclasm_vaults_ligature,
          v_misc_28, grunt_vaults_funnel, hangedman_vaults_slice,
          vaults_dpeg_hooks, v_misc_25, ontoclasm_vaults_shuriken,
          nicolae_vaults_ring_of_whatevers, vaults_room_semicircle,
          ontoclasm_vaults_loading_screen, layout_vaults_ring, serial_shops
Vaults:3: v_misc_23, v_pattern_1, vaults_room_fours,
          nicolae_vaults_network_quinsquares
          [nicolae_vaults_network_quincunx_subvault,
          nicolae_vaults_network_quincunx_subvault,
          nicolae_vaults_network_quincunx_subvault,
          nicolae_vaults_network_quincunx_subvault], vaults_mumra_chevron,
          ontoclasm_vaults_spin, vaults_dpeg_emergency_exit,
          ontoclasm_vaults_loading_screen, layout_vaults_omnigrid, serial_shops,
          shop
Vaults:4: v_misc_9, vaults_mumra_minichess, nicolae_vaults_network_star,
          v_misc_31, hangedman_vaults_restitches, v_misc_9,
          nicolae_vaults_know_your_exits, ontoclasm_vaults_hangar,
          hangedman_vaults_corner_blocks, vaults_room_stairs_pillars, v_misc_22,
          nicolae_vaults_diagonal_hallway_8, layout_vaults_omnibox
Vaults:5: serial_shops, uniq_sojobo, uniq_frederick, uniq_jory, uniq_xtahua,
          uniq_margery
Depths:1: layout_basic, enter_ziggurat_d, kennysheep_cluttered_room,
          grunt_pan_entry_sceptre, pf_coc_iceberg, kennysheep_generic_room_14,
          minmay_shop_star
Depths:2: ragdoll_tomb_raider, layout_gridlike, pan_entry, grunt_metal_band,
          serial_shops, bzr_entry_lakeside, nicolae_diamond_shop,
          nicolae_shop_advertising_works [nicolae_subvault_shop_adworks], shop,
          nicolae_shop_statue_plus, patterned_corridor

Skill      XL: |  1  2  3  4  5  6  7  8  9 10 11 12 13 14 15 16 17 18 19 20 21 22 23 |
---------------+----------------------------------------------------------------------+-----
Maces & Flails | 4 5 6 8 9 11 12 13 15 16 | 16.0
Fighting       | 4 5 6 7 8 10 12 13 14 15 16 18 | 18.0
Shields        | 4 5 7 9 10 12 14 15 | 15.0
Armour         | 4 6 7 9 12 14 | 14.9
Dodging        | 2 5 7 8 9 11 12 | 12.0
Invocations    | 1 7 9 12 13 14 | 14.0
Evocations     | 5 6 7 8 9 11 12 | 12.0
Throwing       | 4 6 |  6.0
Ranged Weapons | 4 8 10 12 | 12.9
Spellcasting   | 5 6 |  6.7
Translocations | 5 7 |  7.0

Action                   |  1- 3 |  4- 6 |  7- 9 | 10-12 | 13-15 | 16-18 | 19-21 | 22-24 || total
-------------------------+-------+-------+-------+-------+-------+-------+-------+-------++-------
Melee: Flail             |    23 |   124 |   360 |   765 |       |       |       |       ||  1272
       Morningstar       |       |       |       |    29 |   558 |       |    15 |   248 ||   850
       Eveningstar       |       |       |       |       |   325 |   530 |  1686 |   716 ||  3257
       Punch             |       |       |       |       |       |       |       |     4 ||     4
 Fire: Hand crossbow     |       |       |       |       |       |    21 |   161 |    42 ||   224
Throw: Dart              |     5 |     8 |     3 |     2 |     4 |     3 |     3 |     1 ||    29
Invok: Heroism           |       |       |       |     1 |     3 |       |    18 |     9 ||    31
       Finesse           |       |       |       |       |     2 |       |    13 |     6 ||    21
       Duel              |       |       |       |       |       |       |     1 |       ||     1
Evoke: Wand              |       |       |       |     5 |    11 |     2 |    36 |     5 ||    59
       Tin of tremorston |       |       |       |       |       |     2 |     6 |     7 ||    15
  Use: Potion            |       |     1 |     1 |     3 |     3 |     7 |     4 |     4 ||    23
       Scroll            |       |       |    20 |     6 |     6 |     1 |     9 |    14 ||    56
 Stab: Paralysed         |       |       |       |     2 |       |       |       |       ||     2
       Invisible         |       |       |       |       |     1 |       |       |     1 ||     2
       Petrified         |       |       |       |       |     2 |       |       |       ||     2
       Distracted        |       |       |       |       |       |     1 |       |       ||     1
       Sleeping          |       |       |       |       |       |       |     1 |     1 ||     2
       Fleeing           |       |       |       |       |       |       |       |     1 ||     1
Armor: Scale mail        |    16 |   106 |   135 |   147 |    18 |   286 |   831 |   300 ||  1839
       Plate armour      |       |       |       |    83 |   311 |       |       |       ||   394
       Swamp dragon scal |       |       |       |       |    38 |     1 |       |       ||    39
Dodge: Dodged            |     8 |    68 |   176 |   315 |   370 |   374 |  1094 |   341 ||  2746
Block: Buckler           |     3 |    28 |   101 |   154 |   224 |   223 |   524 |       ||  1257
       Kite shield       |       |       |       |       |       |       |   231 |   951 ||  1182

Table legend: (Time is in decaauts)
 A = Elapsed time spent in this place.
 B = Non-inter-level travel time spent in this place.
 C = Inter-level travel time spent in this place.
 D = Time resting spent in this place.
 E = Time spent auto-exploring this place.
 F = Levels seen in this place.
 G = Mean time per level.
                   A        B        C        D        E       F      G
               +--------+--------+--------+--------+--------+-----+--------+
         Total |  55356 |  50167 |   5189 |  16325 |  21502 |  46 | 1203.4 |
       Dungeon |  17679 |  15209 |   2470 |   3748 |   8173 |  15 | 1178.6 |
        Temple |     75 |     55 |     20 |      0 |     40 |   1 |   75.0 |
          Lair |   8202 |   7543 |    659 |   2123 |   3100 |   5 | 1640.4 |
         Swamp |   3859 |   3733 |    126 |   1408 |   1386 |   4 |  964.8 |
   Spider Nest |   5166 |   4921 |    245 |   1967 |   1651 |   4 | 1291.5 |
  Orcish Mines |   2952 |   2401 |    551 |    972 |    866 |   2 | 1476.0 |
   Elven Halls |   5852 |   5472 |    380 |   1962 |   2070 |   3 | 1950.7 |
        Vaults |   9006 |   8377 |    629 |   3500 |   3267 |   5 | 1801.2 |
        Depths |   1887 |   1781 |    106 |    448 |    792 |   2 |  943.5 |
        Bazaar |    214 |    214 |      0 |      0 |    132 |   2 |  107.0 |
      Ice Cave |    122 |    122 |      0 |    100 |      0 |   1 |  122.0 |
       Volcano |    319 |    319 |      0 |     90 |     25 |   1 |  319.0 |
         Arena |     18 |     18 |      0 |      5 |      0 |   1 |   18.0 |
               +--------+--------+--------+--------+--------+-----+--------+

Top non-repeatable levels by time:
   Elf:3: 2531 daAuts
Vaults:3: 2476 daAuts
Vaults:1: 2458 daAuts
  Lair:3: 2323 daAuts
  Lair:1: 2227 daAuts
   Orc:2: 2073 daAuts
Vaults:2: 2057 daAuts
Vaults:4: 1960 daAuts
     D:9: 1828 daAuts
     D:3: 1762 daAuts
   Elf:2: 1726 daAuts
Depths:1: 1717 daAuts
    D:10: 1686 daAuts
Spider:4: 1674 daAuts
   Elf:1: 1594 daAuts
